 Dungeon Crawl Stone Soup version 0.25-a0-561-g0977b4d109 (webtiles) character file.

Game seed: 14881448247752025295, levelgen mode: deterministic

51 vurker the Gusty (level 3, 15/15 HPs)
             Began as a Felid Air Elementalist on Feb 25, 2020.
             Quit the game on level 2 of the Dungeon.
             The game lasted 00:02:07 (2087 turns).

vurker the Gusty (Felid Air Elementalist)           Turns: 2087, Time: 00:02:08

Health: 15/15      AC:  1    Str:  2    XL:     3   Next: 58%
Magic:  7/7        EV: 18    Int: 19    God:
Gold:   165        SH:  0    Dex: 16    Spells: 6/7 levels left
                                        Lives:  0   Deaths: 0

rFire    + . .     SeeInvis +   (weapon unavailable)
rCold    . . .     Gourm    .   (shield unavailable)
rNeg     . . .     Faith    .   (armour unavailable)
rPois    .         Spirit   .   (helmet unavailable)
rElec    .         Reflect  .   (cloak unavailable)
rCorr    .         Harm     .   (gloves unavailable)
MR       .....                  (boots unavailable)
Stlth    +++.......             (no amulet)
HPRegen  0.05/turn              c - ring of protection from fire
MPRegen  0.10/turn              (no ring)

@: quick
A: very small, no armour, no weapons or thrown items, stealth, claws 1, fangs 3,
see invisible, carnivore, clever 1, speed 1, low mp 1, shaggy fur 1, slow
metabolism 1, weak 1, sharp paws
a: no special abilities


You were on level 2 of the Dungeon.
You were completely stuffed.

You visited 1 branch of the dungeon, and saw 2 of its levels.

You collected 165 gold pieces.

Inventory:

Jewellery
 c - a ring of protection from fire (left paw)
   (You found it on level 1 of the Dungeon)
Scrolls
 a - a scroll of remove curse {unknown}
 f - a scroll of noise {unknown}
 h - a scroll of enchant armour {unknown}
 j - 2 scrolls of amnesia {unknown}
 l - a scroll of fog {unknown}
 n - a scroll of blinking {unknown}
Potions
 b - 2 potions of flight
 d - a potion of curing {unknown}
 g - a potion of magic
 i - a potion of ambrosia {unknown}
 k - a potion of heal wounds {unknown}
Comestibles
 e - 3 rations
 m - 3 chunks of flesh


   Skills:
 + Level 1.0 Fighting
 - Level 2.6 Dodging
 - Level 2.6 Stealth
 * Level 2.7 Spellcasting
 + Level 1.4 Conjurations
 * Level 3.2 Air Magic


You had 6 spell levels left.
You knew the following spells:

 Your Spells              Type           Power        Failure   Level  Hunger
a - Shock                 Conj/Air       ##..         6%          1    None

Your spell library contained the following spells:

 Spells                   Type           Power        Failure   Level  Hunger
 Swiftness                Chrm/Air       #.......     12%         2    ##.....
 Static Discharge         Conj/Air       ##......     19%         3    ###....
 Airstrike                Air            ###.......   38%         4    ####...
 Lightning Bolt           Conj/Air       ##........   86%         5    ######.


Dungeon Overview and Level Annotations

Branches:
Dungeon (2/15)

Altars:
Sif Muna
Yredelemnul


Innate Abilities, Weirdness & Mutations

You cannot wear armour.
You are incapable of wielding weapons or throwing items.
Your paws allow you to move quietly. (Stealth)
You have sharp claws.
You have razor-sharp teeth.
You have supernaturally acute eyesight. (SInv)
You are carnivorous and can eat meat at any time.
You cover ground quickly.
You are covered in fur. (AC +1)
You have a slow metabolism.
Your sharp claws are effective at attacking unaware monsters.
Your mind is acute. (Int +2)
Your magical capacity is low. (-10% MP)
You are weak. (Str -2)


Message History

Your Fighting skill increases to level 1!
Aim: an adder (resting)
The zap hits the adder.
Aim: an adder (heavily wounded)
The zap misses the adder.
Aim: an adder (heavily wounded)
You miscast Shock.
You are very lightly contaminated with residual magic.
Nothing appears to happen.
Aim: an adder (heavily wounded)
The zap hits the adder.
Aim: an adder (almost dead)
The zap hits the adder.
You kill the adder!
You can't see any susceptible monsters within range! (Use Z to cast anyway.)
You can't see any susceptible monsters within range! (Use Z to cast anyway.)
Your magical contamination has completely faded away.
Eating one of 2 chunks of flesh.
You eat one of the 2 chunks of flesh.
This raw flesh tastes great.
You butcher the adder corpse.
m - 3 chunks of flesh (gained 2)
You see here an adder skeleton. x2
n - a scroll labeled TISUPT PYRUG You butcher the bat corpse.
m - 4 chunks of flesh (gained 1)
You see here a bat skeleton. x2
Found a stone staircase leading down.
Found 25 arrows.
You see here 25 arrows.
Found a scroll labeled UTTEIX EPHAMPUETH and 9 stones.
Found 4 boomerangs and 14 gold pieces.
j - 2 scrolls labeled UTTEIX EPHAMPUETH (gained 1)
You now have 165 gold pieces (gained 14).
You open the door.
Found a shimmering blue altar of Sif Muna.
You see here 4 boomerangs.
You see here a leather armour.
You see here a plate armour.
Found a whip.
Found 17 poisoned darts.
Found an escape hatch in the floor.
There is an escape hatch in the floor here.
Some of the chunks of flesh in your inventory have rotted away.
Found a stone staircase leading up.
There is a stone staircase leading up here.
You see here a plate armour.
Done exploring.
Done exploring.
Done exploring.
Done exploring.

#..# #..#.##..###........
##.######.##.###..##........
#........#..####.##.......#
##..####.#....##.#..####.## #..#
#.#.##....#.## #.# ####.#
#.#.####<....## #.#
#....####.#.# ###....# #.#
#.##....#.#.# #......###.#
#.#####.#..@# #.###..##..#
######.# #.#..## ##.# ##....###
.......# #.#..# ##..# ##....#..
>......# #....###..## #.......#
.......# #......#.## #.###...#
.......# #........# ##.##.....
###.########.......##
##.....##..
##................####<..#####..
#.......................[# ##.


There were no monsters in sight!

Vanquished Creatures
  2 adders (D:2)
  An ooze (D:2)
  A dart slug (D:1)
  A giant cockroach (D:2)
  3 goblins
  4 hobgoblins
  4 jackals (D:2)
  2 bats
  A frilled lizard (D:2)
  2 kobolds
  6 rats
27 creatures vanquished.

Notes
Turn   | Place    | Note
-------+----------+-------------------------------------------
     0 | D:1      | vurker the Felid Air Elementalist began the quest for the
                  | Orb.
     0 | D:1      | Reached XP level 1. HP: 7/7 MP: 4/4
    39 | D:1      | Reached skill level 1 in Conjurations
   382 | D:1      | Reached XP level 2. HP: 12/12 MP: 0/6
  1086 | D:2      | Reached skill level 3 in Air Magic
  1231 | D:2      | Gained mutation: You are weak. (Str -2) [potion of
                  | mutation]
  1231 | D:2      | Gained mutation: Your mind is acute. (Int +2) [potion of
                  | mutation]
  1231 | D:2      | Gained mutation: Your magical capacity is low. (-10% MP)
                  | [potion of mutation]
  1466 | D:2      | Reached XP level 3. HP: 6/15 MP: 0/7
  1666 | D:2      | Found a basalt altar of Yredelemnul.
  1848 | D:2      | Reached skill level 1 in Fighting
  1963 | D:2      | Found a shimmering blue altar of Sif Muna.
  2087 | D:2      | Quit the game

Levels and vault maps discovered:
D:1:      ncdulo_halloftheorcs, layout_basic
D:2:      layout_rooms, lemuel_blue_sif_altar, lemuel_coloured_pillars_altar,
          first_ration, kennysheep_generic_room_12

Skill      XL: |  1  2  3 |
---------------+----------+-----
Conjurations   | 1 |  1.4
Air Magic      | 3 |  3.2
Fighting       | 1 |  1.0
Dodging        | |  2.6
Stealth        | |  2.6
Spellcasting   | |  2.7

Action                   || total
-------------------------++-------
Melee: Unarmed           ||    24
 Cast: Shock             ||    50
  Use: Scroll            ||     3
       Potion            ||     1
  Eat: Chunk             ||    10
Armor: Skin              ||     2
Dodge: Dodged            ||    20

Table legend:
 A = Non-vault XP
 B = Vault XP
 C = Vault XP percentage of total XP
 D = Non-vault monster count
 E = Vault monster count
 F = Vault count percentage of total count
                 A         B        C        D         E       F
            +---------+---------+-------+---------+---------+-------
      Total |      72 |       2 |   2.7 |      26 |       1 |   3.7
            +---------+---------+-------+---------+---------+-------
        D:1 |      16 |       0 |   0.0 |       9 |       0 |   0.0
        D:2 |      56 |       2 |   3.4 |      17 |       1 |   5.6
            +---------+---------+-------+---------+---------+-------
